 Dungeon Crawl Stone Soup version 0.21.0 (webtiles) character file.

63 Leibowitz the Chopper (level 4, -3/37 HPs)
             Began as a Hill Orc Gladiator on Jan 7, 2018.
             Splashed by Ijyb's acid (7 damage)
             ... on level 3 of the Dungeon.
             The game lasted 00:04:59 (1729 turns).

Leibowitz the Chopper (Hill Orc Gladiator)          Turns: 1729, Time: 00:05:00

Health: -3/37      AC: 10    Str: 17    XL:     4   Next: 10%
Magic:  4/4        EV:  8    Int:  8    God:
Gold:   112        SH:  0    Dex: 12    Spells: 3/3 levels left

rFire    . . .     SeeInvis .   a - +1 war axe
rCold    . . .     Gourm    .   (no shield)
rNeg     + . .     Faith    .   r - +0 chain mail
rPois    .         Spirit   .   c - +0 helmet
rElec    .         Reflect  .   (no cloak)
rCorr    .         Harm     .   (no gloves)
MR       .....                  u - +0 pair of boots
Stlth    ..........             (no amulet)
HPRegen  0.12/turn              q - ring of positive energy
MPRegen  0.09/turn              g - ring of flight

@: no status effects
A: no striking features
a: Evoke Flight


You were on level 3 of the Dungeon.
You were not hungry.

You visited 1 branch of the dungeon, and saw 3 of its levels.

You collected 112 gold pieces.

Inventory:

Hand Weapons
 a - a +1 war axe (weapon)
Missiles
 d - 3 throwing nets (quivered)
Armour
 c - a +0 helmet (worn)
 r - a +0 chain mail (worn)
 u - a +0 pair of boots (worn)
Jewellery
 g - a ring of flight (right hand)
 q - a ring of positive energy (left hand)
Scrolls
 b - a scroll of magic mapping
 l - 3 scrolls of identify
 t - a scroll of blinking {unknown}
 v - a scroll of teleportation {unknown}
Potions
 e - a potion of haste
 j - a potion of degeneration
 n - 3 potions of curing {unknown}
Comestibles
 f - 4 rations
 o - 3 chunks of flesh


   Skills:
 * Level 2.8 Fighting
 * Level 5.1 Axes
 - Level 1.7 Throwing
 * Level 1.6 Armour
 * Level 2.8 Dodging


You had 3 spell levels left.
You didn't know any spells.

Dungeon Overview and Level Annotations

Branches:
Dungeon (3/15)

Altars:

Annotations:
D:3 Ijyb; no0bjke's ghost, amateur GrFi


Message History

There is an open door here.
Found a twisted golden ring.
Some of the chunks of flesh in your inventory have rotted away.
g - a twisted golden ring Put on which piece of jewellery? (? for menu, Esc to quit)
g - a ring of flight (right hand)
Found an escape hatch in the floor.
Ijyb the Twisted Goblin comes into view.
She is wielding a dagger.
Ijyb hits you but does no damage.
You closely miss Ijyb.
Ijyb zaps a wand.
The bolt of acid hits you!
You are splashed with acid!
The acid burns!
It is a wand of acid (9).
You hit Ijyb.
Ijyb is moderately wounded.
Ijyb hits you but does no damage.
You hit Ijyb but do no damage.
Ijyb is moderately wounded.
Ijyb zaps a wand.
The bolt of acid hits you!
* * * LOW HITPOINT WARNING * * *
You are splashed with acid!
The acid burns!
You die...

** *,***,,*** ,*
*,,,,..* ,* *****#.*
######## ,*
**###.###......# ,*
*,,.....#......#
,********,**#...#......#
,,,,,,,#######.........#
******##§§§§.##.g......#
*
#§§§§§..#.@.#**#########
*
#.§.§...#...####......>#
*
#.§)....#..............#
*
##.....####............#
###'###..........######
#...#..##########
#.).#.## ##'##.# #....#


You could see Ijyb.

Vanquished Creatures
  An adder (D:3)
  2 worms (D:2)
  A dart slug (D:1)
  2 leopard geckos
  3 giant cockroaches
  7 goblins
  4 hobgoblins
  9 kobolds
  A quokka (D:2)
  5 bats
  A frilled lizard (D:2)
  5 rats
41 creatures vanquished.

Notes
Turn   | Place    | Note
-------+----------+-------------------------------------------
     0 | D:1      | Leibowitz the Hill Orc Gladiator began the quest for the Orb.
     0 | D:1      | Reached XP level 1. HP: 18/18 MP: 1/1
   122 | D:1      | Reached XP level 2. HP: 25/25 MP: 2/2
   844 | D:2      | Reached XP level 3. HP: 27/30 MP: 3/3
   979 | D:2      | Reached skill level 1 in Armour
  1476 | D:3      | Reached skill level 5 in Axes
  1520 | D:3      | Reached XP level 4. HP: 37/37 MP: 4/4
  1523 | D:3      | Noticed no0bjke's ghost (amateur GrFi)
  1660 | D:3      | Noticed an ice beast
  1661 | D:3      | Found a faded altar of an unknown god.
  1724 | D:3      | Noticed Ijyb
  1729 | D:3      | Splashed by Ijyb's acid

Skill      XL: |  1  2  3 |
---------------+----------+-----
Armour         | 1 |  1.6
Axes           | 5 |  5.1
Fighting       | |  2.8
Throwing       | |  1.7
Dodging        | |  2.8

Action                   |  1- 3 |  4- 6 || total
-------------------------+-------+-------++-------
Melee: War axe           |   123 |    13 ||   136
  Use: Scroll            |       |    10 ||    10
  Eat: Chunk             |     2 |     1 ||     3
Armor: Leather armour    |    13 |       ||    13
       Ring mail         |     2 |       ||     2
       Chain mail        |    41 |    10 ||    51
Dodge: Dodged            |    55 |     5 ||    60
